Workbook

Sheet Deckblatt
A9: Anlage 1 b
A13: Kalkulation für die Flüchtlingsunterkünfte
A15: der Stadt Haan
A17: Heidfeld
A18: Ellscheid 9

Sheet Kosten
B1: Kostenaufstellung für 2023
B3: Kostenstelle | C3: Bezeichnung | D3: Aufwand 2022
B5: Personalkosten
C7: Personalkosten nach KGST | D7: =Kosten2020!F38 -> 36578.676
B9: Summe | D9: =D7 -> 36578.676
B11: Sach- und Fremkosten
C12: Aufwendungen für Sach- und Dienstleistungen
B13: 100400 521110 | C13: laufende Bauunterhaltung | D13: =Kosten2020!F6 -> 12092.91
B14: 100400 521111 | C14: Wartung/Prüfung | D14: =Kosten2020!F7 -> 1911.25
B15: 100400 521112 | C15: Einzelinstandsetzung | D15: =Kosten2020!F8 -> 6762.9471
B16: 100400 521120 | C16: begrünte Außenanlage | D16: =Kosten2020!F9 -> 120.05986
B17: 100400 524120 | C17: bew. Grdst - Hausgebühren | D17: =Kosten2020!F10 -> 2060.31
B18: 100400 524130 | C18: Gebäudereinigung | D18: =Kosten2020!F11 -> 392.76959
B19: 100400 525510 | C19: UH-Betriebs- u. Geschäftsausst. | D19: =Kosten2020!F12 -> 1061.2257
B20: 100400 524140 | C20: Gebäudeversicherung | D20: =Kosten2020!F13 -> 1963.91
B21: 100400 528110 | C21: sonstige Ver-/Gebrauchsmaterial | D21: =Kosten2020!F14 -> 259.85115
B22: 100400 528150 | C22: Besonderer Betriebsaufwand | D22: =Kosten2020!F15 -> 650.05697
B23: 100400 528190 | C23: Aufwend. für sonst. Sachleist. | D23: =Kosten2020!F16 -> 331.82142
B24: 100400 099500 | C24: Verrechnungskonto Betriebs u. Gesch. | D24: =Kosten2020!F17 -> 3260.6998
... B26: 050200 533260 | C26: Arbeitsgelegenheit. § 5 AsylblG | D26: =Kosten2020!F19 -> 3003.5883
C28: Verbrauch
B29: 100400 524151 | C29: Energie/Strom Bedarf | D29: =Kosten2020!F22 -> 12250.84
B30: 100400 524152 | C30: Gasverbrauch Bewohner | D30: =Kosten2020!F23 -> 11142.35
B31: 100400 524153 | C31: Wasserbedarf Gebäude | D31: =Kosten2020!F24 -> 1474.78
C33: Aufwendung aus internen Leistungsbezieh.
B34: 100400 581100 | C34: Aufwendungen aus internen L. | D34: =Kosten2020!D27 -> 0
B35: 100400 581120 | C35: Grundsteuer | D35: =Kosten2020!F28 -> 363.42
B36: 100400 581140 | C36: Niederschlagswasser | D36: =Kosten2020!F29 -> 367.99129
B37: 100400 581150 | C37: Straßenreinigung | D37: =Kosten2020!F30 -> 14.85
B38: 100400 581160 | C38: Winterdienst | D38: =Kosten2020!F31 -> 35.28
B39: 100400 581170 | C39: Abfallbeseitigung | D39: =Kosten2020!F32 -> 7275.7955
C41: sonstige ordentliche Aufwendungen
B42: 100400 542210 | C42: Mieten und Pachten | D42: =Kosten2020!F40 -> 0
B44: Summe | D44: =SUM(D13:D42) -> 67627.925
B46: kalkulatorische Abschreibungen
C48: Abschreibungen | D48: =Kosten2020!F35 -> 11874.74
B50: Summe | D50: =D48 -> 11874.74
B52: kalkulatorische Zinsen
B53: Zinssatz
C54: Zinsen | D54: =Kosten2020!F36 -> 1815.4874
B56: Summe | D56: =SUM(D54:D54) -> 1815.4874
B58: Gesamtsumme | D58: =SUM(D9,D44,D50,D56) -> 117896.83

Sheet m²-Personen
B1: Quadratmeter (gesamt) | C1: Personen (Durchschnitt)
A2: Ellscheid 9 | B2: ='Größe-Personen'!N49 -> 658.28 | C2: ='Größe-Personen'!S49 -> 20
A3: Heidfeld 14 | B3: ='Größe-Personen'!N130 -> 185.34 | C3: ='Größe-Personen'!S130 -> 7
A5: Summe | B5: =SUM(B2:B3) -> 843.62 | C5: =SUM(C2:C3) -> 27

Sheet Kalkulation
A1: Kalkulation
B5: Gebühr
A6: Kosten
A7: Fix- und Verbrauchskosten | B7: =Kosten!D58-B8-B9 -> 94661.568
A8: Stromkosten | B8: =Kosten!D13 -> 12092.91
A9: Heizkosten | B9: =Kosten!D30 -> 11142.35
A10: Gesamtkosten | B10: =SUM(B7:B9) -> 117896.83
A11: Fläche
A12: Quadratmeter | B12: ='m²-Personen'!B5 -> 843.62
A13: Personenbelegung
A14: durchschnittliche Belegung | B14: 27
A15: Gebühren
A16: Benutzungsgebühr (pro m² pro Monat) | B16: =ROUNDDOWN(B7/B12/12,0) -> 9
A17: Stromgebühr (pro Person pro Monat) | B17: =ROUNDDOWN(B8/B14/12,0) -> 37
A18: Heizgebühr (pro m² pro Monat) | B18: 0

Sheet Kosten2020
A1: Gebührenkalkulation Heidfeld und Ellscheid 9 | H1: Gesamtfläche aller Unterkünfte
H2: 7864.38
A4: Aufwendungen | B4: Produktkonto | C4: Bezeichnung | D4: Gesamtosten 2022 | F4: Kosten nachstehender Unterkünfte 2022 | H4: Heidtfeld 12 | I4: Ellscheid 9
A5: Größe der Unterkunft | H5: 185.34 | I5: 658.28
A6: A. Aufwendungen für Sach- und Dienstleistungen | B6: 100400 521110 | C6: laufende Bauunterhaltung | D6: 342569.11 | F6: =H6+I6 -> 12092.91 | H6: 3816.24 | I6: 8276.67
B7: 100400 521111 | C7: Wartung/Prüfung | D7: 30144.05 | F7: =H7+I7 -> 1911.25 | H7: 778.52 | I7: 1132.73
B8: 100400 521112 | C8: Einzelinstandsetzung | D8: 63045.43 | F8: =H8+I8 -> 6762.9471 | H8: =D8/H2*H5 -> 1485.7929 | I8: =D8/H2*I5 -> 5277.1542
B9: 100400 521120 | C9: begrünte Außenanlage | D9: 1119.22 | F9: =H9+I9 -> 120.05986 | H9: =D9/H2*H5 -> 26.37668 | I9: =D9/H2*I5 -> 93.683182
B10: 100400 524120 | C10: bew. Grdst - Hausgebühren | D10: 95318.1 | F10: =H10+I10 -> 2060.31 | H10: 386.4 | I10: 1673.91
B11: 100400 524130 | C11: Gebäudereinigung | D11: 3661.47 | F11: =H11+I11 -> 392.76959 | H11: =D11/H2*H5 -> 86.289936 | I11: =D11/H2*I5 -> 306.47966
B12: 100400 525510 | C12: UH-Betriebs- u. Geschäftsausst. | D12: 9892.94 | F12: =H12+I12 -> 1061.2257 | H12: =D12/H2*H5 -> 233.14711 | I12: =D12/H2*I5 -> 828.07857
B13: 100400 524140 | C13: Gebäudeversicherung | D13: 33963.64 | F13: =H13+I13 -> 1963.91 | H13: 760.69 | I13: 1203.22
B14: 100400 528110 | C14: sonstige Ver-/Gebrauchsmaterial | D14: 2422.38 | F14: =H14+I14 -> 259.85115 | H14: =D14/H2*H5 -> 57.088278 | I14: =D14/H2*I5 -> 202.76288
B15: 100400 528150 | C15: Besonderer Betriebsaufwand | D15: 6059.95 | F15: =H15+I15 -> 650.05697 | H15: =D15/H2*H5 -> 142.81496 | I15: =D15/H2*I5 -> 507.24201
B16: 100400 528190 | C16: Aufwend. für sonst. Sachleist. | D16: 3093.3 | F16: =H16+I16 -> 331.82142 | H16: =D16/H2*H5 -> 72.899863 | I16: =D16/H2*I5 -> 258.92156
B17: 100400 099500 | C17: Verrechnungskonto Betriebs u. Gesch. | D17: 30396.84 | F17: =H17+I17 -> 3260.6998 | H17: =D17/H2*H5 -> 716.36293 | I17: =D17/H2*I5 -> 2544.3368
B18: 100400 529190 | C18: Sonstige Dienstleist. Dritter | D18: 7748.77 | F18: =H18+I18 -> 831.2184 | H18: =D18/H2*H5 -> 182.61542 | I18: =D18/H2*I5 -> 648.60298
B19: 050200 533260 | C19: Arbeitsgelegenheit. § 5 AsylblG | D19: 28000 | F19: =H19+I19 -> 3003.5883 | H19: =D19/H2*H5 -> 659.87656 | I19: =D19/H2*I5 -> 2343.7118
A20: Gesamtaufwand A. | D20: =SUM(D6:D19) -> 657435.2 | F20: =SUM(F6:F19) -> 34702.618 | H20: =SUM(H6:H19) -> 9405.1146 | I20: =SUM(I6:I19) -> 25297.504
A22: B. Verbrauch | B22: 100400 524151 | C22: Energie/Strom Bedarf | D22: 112262.4 | F22: =H22+I22 -> 12250.84 | H22: 8861.1 | I22: 3389.74
B23: 100400 524152 | C23: Gasverbrauch Bewohner | D23: 217540.76 | F23: =H23+I23 -> 11142.35 | H23: 0 | I23: 11142.35
B24: 100400 524153 | C24: Wasserbedarf Gebäude | D24: 27217.63 | F24: =H24+I24 -> 1474.78 | H24: 242.78 | I24: 1232
A25: Gesamtverbrauch B. | D25: =SUM(D22:D24) -> 357020.79 | F25: =SUM(F22:F24) -> 24867.97 | H25: =SUM(H22:H24) -> 9103.88 | I25: =SUM(I22:I24) -> 15764.09
A27: C. Aufwendung aus internen Leistungsbezieh. | B27: 100400 581100 | C27: Aufwendungen aus internen L. | D27: 0 | F27: =H27+I27 -> 0 | H27: 0 | I27: 0
B28: 100400 581120 | C28: Grundsteuer | D28: 1572.22 | F28: =H28+J28+L28+M28 -> 363.42 | H28: 363.42 | I28: 0
B29: 100400 581140 | C29: Niederschlagswasser | D29: 6584.5 | F29: =H29++I29 -> 367.99129 | H29: 117 | I29: =SUMPRODUCT(533/1397.91*658.28) -> 250.99129
B30: 100400 581150 | C30: Straßenreinigung | D30: 619.04 | F30: =H30+J30+L30+M30+O30 -> 14.85 | H30: 14.85 | I30: 0
B31: 100400 581160 | C31: Winterdienst | D31: 331.8 | F31: =H31+J31+L31+M31+O31 -> 35.28 | H31: 35.28 | I31: 0
B32: 100400 581170 | C32: Abfallbeseitigung | D32: 48643.38 | F32: =H32+I32 -> 7275.7955 | H32: 2899.92 | I32: =SUMPRODUCT(9292.52/1397.91*658.28) -> 4375.8755
A33: Gesamtaufwendungen C. | D33: =SUM(D27:D32) -> 57750.94 | F33: =SUM(F27:F32) -> 8057.3368 | H33: =SUM(H28:H32) -> 3430.47 | I33: =SUM(I28:I32) -> 4626.8668
A35: D. Abschreibungen | D35: 191369.06 | F35: =H35+I35 -> 11874.74 | H35: 0 | I35: 11874.74
A36: E. Kalkulatorische Zinsen | D36: 184964.14 | F36: =H36+I36 -> 1815.4874 | H36: 0 | I36: =118747.38/1397.91*658.28*0.03246667 -> 1815.4874
A38: F. Personalkosten nach KGST | D38: 340993.11 | F38: =H38+I38 -> 36578.676 | H38: =D38/H2*H5 -> 8036.1914 | I38: =D38/H2*I5 -> 28542.485
A40: G. sonstige ordentliche Aufwendungen | B40: 100400 542210 | C40: Mieten und Pachten | D40: 104466.48 | F40: =M40+Q40 -> 0 | H40: 0 | I40: 0
A41: Gesamtaufwendungen G. | D41: =SUM(D40:D40) -> 104466.48 | F41: =SUM(F40) -> 0 | H41: 0 | I41: 0
A43: Gesamtaufwendungen A. - G. | D43: =D20+D25+D33+D35+D36+D38+D41 -> 1893999.7 | F43: =F20+F25+F33+F35+F36+F38+F41 -> 117896.83 | H43: =H20+H25+H33+H35+H36+H38+H41 -> 29975.656 | I43: =I20+I25+I33+I35+I36+I38+I41 -> 87921.172

Sheet Kosten2019
A1: Gebührenkalkulation füt Unterkünfte
A3: Aufwendungen | B3: Produktkonto | C3: Bezeichnung | D3: Kosten 2019 | F3: Bemerkungen
A5: A. Aufwendungen für Sach- und Dienstleistungen | B5: 100400 521110 | C5: laufende Bauunterhaltung | D5: 120008.96
B6: 100400 521111 | C6: Wartung/Prüfung | D6: 39867.17
B7: 100400 521112 | C7: Einzelinstandsetzung | D7: 0
B8: 100400 521120 | C8: begrünte Außenanlage | D8: 3727.66
B9: 100400 524120 | C9: bew. Grdst - Hausgebühren | D9: 95586.17
B10: 100400 524130 | C10: Gebäudereinigung | D10: 7097.19
B11: 100400 525510 | C11: UH-Betriebs- u. Geschäftsausst. | D11: 9455.48
B12: 100400 524140 | C12: Gebäudeversicherung | D12: 30175.78
B13: 100400 528110 | C13: sonstige Ver-/Gebrauchsmaterial | D13: 570.48
B14: 100400 528150 | C14: Besonderer Betriebsaufwand | D14: 14479.92
B15: 100400 528190 | C15: Aufwend. für sonst. Sachleist. | D15: 588.52
B16: 100400 099500 | C16: Verrechnungskonto Betriebs u. Gesch. | D16: 9815.69
B17: 100400 529190 | C17: Sonstige Dienstleist. Dritter | D17: 636686.59
B18: 050200 533260 | C18: Arbeitsgelegenheit. § 5 AsylblG | D18: 23872.45 | F18: Reinigung Unterkunft
A20: Gesamtaufwand A. | D20: =SUM(D5:D18) -> 991932.06
A22: B. Verbrauch | B22: 100400 524151 | C22: Energie/Strom Bedarf | D22: 163343.12
B23: 100400 524152 | C23: Gasverbrauch Bewohner | D23: 167412.43
B24: 100400 524153 | C24: Wasserbedarf Gebäude | D24: 33264.32
A26: Gesamtverbrauch B. | D26: =SUM(D22:D25) -> 364019.87
A28: C. Aufwendung aus internen Leistungsbezieh. | B28: 100400 581100 | C28: Aufwendungen aus internen L. | D28: 10000 | F28: Bauhof
B29: 100400 581120 | C29: Grundsteuer | D29: 1572.22
B30: 100400 581140 | C30: Niederschlagswasser | D30: 7884.5
B31: 100400 581150 | C31: Straßenreinigung | D31: 555.85
B32: 100400 581160 | C32: Winterdienst | D32: 402.64
B33: 100400 581170 | C33: Abfallbeseitigung | D33: 58058.16
A35: Gesamtaufwendungen C. | D35: =SUM(D28:D34) -> 78473.37
A37: D. Abschreibungen | D37: 1.643.85,72 €
A38: E. Kalkulatorische Zinsen | D38: 255231.6
A40: D. Personalkosten nach KGST | D40: 451559.5
A42: E. sonstige ordentliche Aufwendungen | B42: 100400 542210 | C42: Mieten und Pachten | D42: 84634.68
B43: 100400 542212 | C43: sonstige Unterhaltung | D43: 4905.15
B44: 10400 542213 | C44: Mieten Wechsel SGB II / SGB XII | D44: 22628.01
D45: =SUM(D42:D44) -> 112167.84

Sheet Mietwohnungen
A1: Wohnung | B1: Vertragsbeginn | C1: Grundmiete | D1: Nebenkosten | E1: Heizkosten | F1: Zusatzkosten | G1: Summe | H1: Kaution | I1: Wohnungsgröße | J1: Soll-Bestand | K1: Ist-Bestand | L1: Schnitt | M1: Bewohner | N1: Rechtskreis
A2: Auf den Schollen 5 | B2: 39904 | C2: 375.31 | D2: 135 | E2: 138 | F2: 41.65 | G2: =SUM(C2:F2) -> 689.96 | H2: 909.42 | I2: 57.74 | J2: 2 | K2: 2 | L2: =(J2+K2)/2 -> 2 | M2: Shamilov | N2: AsylbLG
A3: Deller Str. 33 | B3: 42461 | C3: 195.7 | D3: 65 | G3: =SUM(C3:F3) -> 260.7 | H3: 587.1 | I3: 37.78 | J3: 1 | K3: 1 | L3: =(J3+K3)/2 -> 1 | M3: Kille | N3: SGB II
A4: Deller Str. 33 | B4: 42475 | C4: 253.41 | D4: 86.89 | G4: =SUM(C4:F4) -> 340.3 | H4: 760.23 | I4: 48.92 | J4: 1 | K4: 1 | L4: =(J4+K4)/2 -> 1 | M4: Omer | N4: SGB II
A5: Bruchermühlenstr. 3 | B5: 42430 | C5: 518.2 | D5: 301 | G5: =SUM(C5:F5) -> 819.2 | H5: 1227 | I5: 73.4 | J5: 3 | K5: 6 | L5: =(J5+K5)/2 -> 4.5 | M5: Mohammadi | N5: SGB II
A6: Am Langenkamp 4c | B6: 42309 | C6: 385.6 | D6: 203 | G6: =SUM(C6:F6) -> 588.6 | I6: 71.54 | J6: 3 | K6: 4 | L6: =(J6+K6)/2 -> 3.5 | M6: Abashidze / Bitchashvili | N6: SGB II
A8: Instandhaltungskosten in Höhe von 3.891,13 EUR bei Beendigung eines Vertrages 05/2020

Sheet Größe-Personen
A1: Dieker Str. 49 | K1: Ellscheid 9
A3: Raum-ID | B3: Zimmernr. | C3: Etage | D3: Fläche | E3: Soll | F3: M+K | G3: Ist | H3: X | I3: Zusatzinfo | K3: Raum-ID | L3: Zimmernr. | M3: Etage | N3: Fläche | O3: Soll | P3: M+K | Q3: Ist | R3: X | S3: Zusatzinfo
A5: 000001 | B5: 01 | C5: EG | D5: 19.12 | E5: 3 | G5: 1 | H5: X | K5: 000158 | L5: 01 | M5: EG | N5: 14.57 | O5: 1 | Q5: 1
A6: 000002 | B6: 02 | C6: EG | D6: 19.02 | E6: 3 | F6: X | G6: 2 | H6: X | K6: 000159 | L6: 02 | M6: EG | N6: 14.57 | O6: 1 | Q6: 0
A7: 000017 | B7: 03 | C7: EG | D7: 17.1 | E7: 0 | G7: 0 | H7: X | I7: Hausmeisterbüro | K7: 000160 | L7: 03 | M7: EG | N7: 14.57 | O7: 1 | Q7: 0 | R7: X | S7: Lager
A8: 000003 | B8: 04 | C8: EG | D8: 32.81 | E8: 5 | G8: 1 | H8: X | K8: 000161 | L8: 04 | M8: EG | N8: 14.57 | O8: 1 | Q8: 1
A9: 000004 | B9: 05 | C9: EG | D9: 16.03 | E9: 5 | G9: 3 | H9: X | K9: 000162 | L9: 05 | M9: EG | N9: 14.57 | O9: 1 | Q9: 1
A10: 000005 | B10: 06 | C10: 1. OG | D10: 32.81 | E10: 5 | G10: 0 | K10: 000163 | L10: 06 | M10: EG | N10: 14.57 | O10: 1 | Q10: 1
A11: 000006 | B11: 07 | C11: 1. OG | D11: 35 | E11: 5 | G11: 0 | K11: 000164 | L11: 07 | M11: EG | N11: 14.57 | O11: 1 | Q11: 1
A12: 000503 | B12: 07 | C12: EG | D12: 20.4 | G12: 0 | H12: X | I12: Duschen Damen | K12: 000165 | L12: 08 | M12: EG | N12: 14.57 | O12: 1 | Q12: 0
A13: 000007 | B13: 08 | C13: 1. OG | D13: 19.65 | E13: 3 | G13: 2 | H13: X | K13: 000166 | L13: 09 | M13: EG | N13: 14.57 | O13: 1 | Q13: 1
A14: 000504 | B14: 08 | C14: EG | D14: 20.4 | G14: 0 | H14: X | I14: Duschen Herren | K14: 000167 | L14: 10 | M14: EG | N14: 14.57 | O14: 1 | Q14: 0
A15: 000008 | B15: 09 | C15: 1. OG | D15: 19.02 | E15: 3 | G15: 2 | H15: X | K15: 000168 | L15: 11 | M15: EG | N15: 14.57 | O15: 1 | Q15: 1
A16: 000502 | B16: 09 | C16: EG | D16: 30.26 | G16: 0 | H16: X | I16: Küche | K16: 000169 | L16: 12 | M16: EG | N16: 14.57 | O16: 1 | Q16: 0 | R16: X
A17: 000009 | B17: 10 | C17: 1. OG | D17: 17.96 | E17: 3 | G17: 1 | K17: 000170 | L17: 13 | M17: EG | N17: 14.57 | O17: 1 | Q17: 1
A18: 000507 | B18: 10 | C18: EG | D18: 30.26 | G18: 0 | H18: X | I18: Waschraum | K18: 000171 | L18: 14 | M18: EG | N18: 14.57 | O18: 1 | Q18: 1
A19: 000010 | B19: 11 | C19: 1. OG | D19: 19.35 | E19: 0 | G19: 0 | H19: X | I19: gesperrt wegen Brandschutz | K19: 000172 | L19: 15 | M19: EG | N19: 14.57 | O19: 1 | Q19: 1
A20: 000506 | B20: 11 | C20: EG | D20: 13.98 | E20: 0 | G20: 0 | H20: X | I20: WC-Damen | K20: 000173 | L20: 16 | M20: 1. OG | N20: 14.57 | O20: 1 | Q20: 0
A21: 000011 | B21: 12 | C21: 1. OG | D21: 32.53 | E21: 5 | G21: 0 | K21: 000174 | L21: 17 | M21: 1. OG | N21: 14.57 | O21: 1 | Q21: 0
A22: 000505 | B22: 12 | C22: EG | D22: 12.33 | E22: 0 | G22: 0 | H22: X | I22: WC-Herren | K22: 000175 | L22: 18 | M22: 1. OG | N22: 14.57 | O22: 1 | Q22: 0
A23: 000012 | B23: 13 | C23: 1. OG | D23: 20.69 | E23: 3 | G23: 5
A24: 000013 | B24: 14 | C24: 1. OG | D24: 20.7 | E24: 3 | G24: 1 | H24: X | K24: 000176 | L24: 19 | M24: 1. OG | N24: 14.57 | O24: 1 | Q24: 0
A25: 000014 | B25: 15 | C25: 1. OG | D25: 13.93 | E25: 1 | G25: 1 | K25: 000177 | L25: 20 | M25: 1. OG | N25: 14.57 | O25: 1 | Q25: 0
A26: 000015 | B26: 16 | C26: 1. OG | D26: 31.83 | E26: 5 | G26: 0 | K26: 000178 | L26: 21 | M26: 1. OG | N26: 14.57 | O26: 1 | Q26: 0
A27: 000016 | B27: 17 | C27: 1. OG | D27: 20.56 | E27: 0 | G27: 0 | H27: X | I27: gesperrt wegen Brandschutz | K27: 000179 | L27: 22 | M27: 1. OG | N27: 14.57 | O27: 1 | Q27: 0
K28: 000180 | L28: 23 | M28: 1. OG | N28: 14.57 | O28: 1 | Q28: 0
A29: Summe | D29: =SUM(D5:D27)-D19 -> 496.39 | E29: =SUM(E5:E27) -> 52 | G29: =SUM(G5:G27) -> 19 | I29: =(E29+G29)/2 -> 35.5 | K29: 000181 | L29: 24 | M29: 1. OG | N29: 14.57 | O29: 1 | Q29: 0
K30: 000182 | L30: 25 | M30: 1. OG | N30: 14.57 | O30: 1 | Q30: 0
A31: Düsselberger Str. 15 Gebäude I | K31: 000183 | L31: 26 | M31: 1. OG | N31: 14.57 | O31: 1 | Q31: 0
K32: 000184 | L32: 27 | M32: 1. OG | N32: 14.57 | O32: 1 | Q32: 0
A33: Raum-ID | B33: Zimmernr. | C33: Etage | D33: Fläche | E33: Soll | F33: M+K | G33: Ist | H33: X | I33: Zusatzinfo | K33: 000185 | L33: 28 | M33: 1. OG | N33: 14.57 | O33: 1 | Q33: 0
K34: 000186 | L34: 29 | M34: 1. OG | N34: 14.57 | O34: 1 | Q34: 0
A35: 000018 | B35: 001 | C35: EG | D35: 20.47 | E35: 3 | G35: 1 | H35: X | K35: 000187 | L35: 30 | M35: 1. OG | N35: 14.57 | O35: 1 | Q35: 0
A36: 000019 | B36: 002 | C36: EG | D36: 20.62 | E36: 3 | G36: 1 | K36: 000352 | L36: Flur | M36: EG | N36: 28.68 | O36: 0 | Q36: 0 | R36: X | S36: Flur
A37: 000020 | B37: 003 | C37: EG | D37: 20.99 | E37: 4 | G37: 4 | K37: 000358 | L37: Flur | M37: 1. OG | N37: 28.68 | O37: 0 | Q37: 0 | R37: X | S37: Flur
A38: 000021 | B38: 004 | C38: EG | D38: 19.67 | E38: 3 | G38: 0 | H38: X | K38: 000353 | L38: Küche | M38: 1. OG | N38: 14.57 | O38: 0 | Q38: 0
A39: 000022 | B39: 005 | C39: EG | D39: 20.13 | E39: 3 | G39: 0 | K39: 000354 | L39: Küche | M39: 1. OG | N39: 14.57 | O39: 0 | Q39: 0
A40: 000023 | B40: 006 | C40: EG | D40: 16.74 | E40: 2 | G40: 1 | K40: 000347 | L40: Küche 1 | M40: EG | N40: 14.57 | O40: 0 | Q40: 0 | R40: X
A41: 000024 | B41: 007 | C41: EG | D41: 16.46 | E41: 2 | G41: 1 | H41: X | K41: 000348 | L41: Küche 2 | M41: EG | N41: 14.57 | O41: 0 | Q41: 0 | R41: X
A42: 000025 | B42: 008 | C42: EG | D42: 16.17 | E42: 2 | G42: 1 | H42: X | K42: 000351 | L42: Waschen/Trocknen | M42: EG | N42: 17.59 | O42: 0 | Q42: 0 | R42: X | S42: Waschen/Trocknen/Technik
A43: 000026 | B43: 009 | C43: EG | D43: 9.53 | E43: 1 | G43: 1 | H43: X | K43: 000357 | L43: WaschenTTrocknen/ | M43: 1. OG | N43: 17.59 | O43: 0 | Q43: 0 | R43: X | S43: Waschen/Trocknen/Technik
A44: 000027 | B44: 010 | C44: EG | D44: 34.78 | E44: 5 | G44: 5 | K44: 000355 | L44: WC und Dusche | M44: 1. OG | N44: 17.59 | O44: 0 | Q44: 0 | R44: X | S44: Damen
A45: 000028 | B45: 011 | C45: EG | D45: 35.11 | E45: 5 | G45: 0 | K45: 000356 | L45: WC und Dusche | M45: 1. OG | N45: 17.59 | O45: 0 | Q45: 0 | R45: X | S45: Herren
A46: 000029 | B46: 012 | C46: EG | D46: 35.78 | E46: 6 | G46: 6 | H46: X | K46: 000349 | L46: WC und Dusche D | M46: EG | N46: 17.59 | O46: 0 | Q46: 0 | R46: X | S46: Damen
A47: 000030 | B47: 013 | C47: EG | D47: 33.79 | E47: 5 | G47: 4 | H47: X | K47: 000350 | L47: WC und Dusche H | M47: EG | N47: 17.59 | O47: 0 | Q47: 0 | R47: X | S47: Herren
A48: 000031 | B48: 101 | C48: 1. OG | D48: 16.78 | E48: 2 | G48: 1 | H48: X
A49: 000032 | B49: 102 | C49: 1. OG | D49: 16.6 | E49: 2 | G49: 0 | H49: X | K49: Summe | N49: =SUM(N5:N47) -> 658.28 | O49: =SUM(O5:O47) -> 30 | Q49: =SUM(Q5:Q47) -> 10 | S49: =(O49+Q49)/2 -> 20
A50: 000033 | B50: 103 | C50: 1. OG | D50: 17.48 | E50: 3 | G50: 1 | H50: X
A51: 000034 | B51: 104 | C51: 1. OG | D51: 15.94 | E51: 2 | G51: 1 | H51: X | K51: Ellscheid 9b
A52: 000035 | B52: 105 | C52: 1. OG | D52: 20.19 | E52: 3 | G52: 0 | H52: X
A53: 000036 | B53: 106 | C53: 1. OG | D53: 19.04 | E53: 3 | G53: 1 | H53: X | K53: Raum-ID | L53: Zimmernr. | M53: Etage | N53: Fläche | O53: Soll | P53: M+K | Q53: Ist | R53: X | S53: Zusatzinfo
A54: 000037 | B54: 107 | C54: 1. OG | D54: 19.59 | E54: 3 | G54: 1 | H54: X
A55: 000038 | B55: 108 | C55: 1. OG | D55: 19.59 | E55: 3 | G55: 1 | H55: X | K55: 000188 | L55: 01 | M55: EG | N55: 12.7 | O55: 1 | Q55: 2
A56: 000039 | B56: 109 | C56: 1. OG | D56: 19.59 | E56: 3 | G56: 2 | K56: 000189 | L56: 02 | M56: EG | N56: 12.7 | O56: 1 | Q56: 1
A57: 000247 | B57: 110 | C57: 1. OG | D57: 19.59 | E57: 3 | G57: 0 | H57: X | I57: reserviert als Lernraum f. Fr. Durdana Huseynli | K57: 000190 | L57: 03 | M57: EG | N57: 12.7 | O57: 1 | Q57: 1
A58: 000041 | B58: 111 | C58: 1. OG | D58: 17.36 | E58: 2 | G58: 1 | H58: X | K58: 000191 | L58: 04 | M58: EG | N58: 12.7 | O58: 1 | Q58: 2
A59: 000042 | B59: 112 | C59: 1. OG | D59: 34.73 | E59: 6 | G59: 6 | K59: 000192 | L59: 05 | M59: EG | N59: 12.7 | O59: 1 | Q59: 1
A60: 000043 | B60: 113 | C60: 1. OG | D60: 34.09 | E60: 5 | G60: 5 | K60: 000193 | L60: 06 | M60: EG | N60: 12.7 | O60: 1 | Q60: 0
A61: 000044 | B61: 114 | C61: 1. OG | D61: 34.09 | E61: 5 | G61: 0 | K61: 000194 | L61: 07 | M61: EG | N61: 12.7 | O61: 1 | Q61: 1
A62: 000045 | B62: 115 | C62: 1. OG | D62: 34.09 | E62: 5 | G62: 0 | K62: 000195 | L62: 08 | M62: EG | N62: 12.7 | O62: 1 | Q62: 1
A63: 000046 | B63: 116 | C63: 1. OG | D63: 34.73 | E63: 5 | G63: 5 | H63: X | K63: 000196 | L63: 09 | M63: EG | N63: 12.7 | O63: 1 | Q63: 2
A64: 000489 | B64: Abstellraum | C64: EG | D64: 7.14 | G64: 0 | K64: 000197 | L64: 10 | M64: EG | N64: 12.7 | O64: 1 | Q64: 2
A65: 000381 | B65: Dusche 1 | C65: EG | D65: 17.36 | E65: 0 | G65: 0 | I65: Herren | K65: 000198 | L65: 11 | M65: EG | N65: 12.7 | O65: 1 | Q65: 2
A66: 000395 | B66: Dusche 1 | C66: 1. OG | D66: 17.36 | E66: 0 | G66: 0 | I66: Herren | K66: 000199 | L66: 12 | M66: EG | N66: 12.7 | O66: 1 | Q66: 0 | R66: X | S66: Hausmeisterbüro
A67: 000378 | B67: Dusche 2 | C67: 1. OG | D67: 33.05 | E67: 0 | G67: 0 | I67: Damen | K67: 000200 | L67: 13 | M67: EG | N67: 26.97 | O67: 3 | Q67: 2 | R67: X
A68: 000382 | B68: Dusche 2 | C68: EG | D68: 19.51 | E68: 0 | G68: 0 | I68: Damen | K68: 000202 | L68: 14 | M68: EG | N68: 12.7 | O68: 1 | Q68: 1
A69: 000404 | B69: Dusche 3 | C69: 1. OG | D69: 63.69 | G69: 0 | K69: 000203 | L69: 15 | M69: 1. OG | N69: 12.7 | O69: 1 | Q69: 1
A70: 000394 | B70: Gemeinschaftsraum | C70: EG | D70: 29.57 | G70: 0 | I70: Gesperrt ! | K70: 000204 | L70: 16 | M70: 1. OG | N70: 12.7 | O70: 1 | Q70: 1
A71: 000377 | B71: HWR | C71: 1. OG | D71: 25.6 | E71: 0 | G71: 0 | I71: Wasch- und Trockmaschinen | K71: 000205 | L71: 17 | M71: 1. OG | N71: 12.7 | O71: 1 | Q71: 1
A72: 000384 | B72: HWR | C72: EG | D72: 22.3 | G72: 0 | I72: Wasch- u. Trockenraum | K72: 000206 | L72: 18 | M72: 1. OG | N72: 12.7 | O72: 1 | Q72: 0
A73: 000392 | B73: Küche | C73: EG | D73: 103.41 | G73: 0 | K73: 000210 | L73: 19 | M73: 1. OG | N73: 12.7 | O73: 1 | Q73: 1
A74: 000402 | B74: Küche | C74: 1. OG | D74: 109.99 | G74: 0 | K74: 000207 | L74: 20 | M74: 1. OG | N74: 12.7 | O74: 1 | Q74: 1
A75: 000290 | B75: Lager | C75: EG | D75: 23.59 | E75: 0 | G75: 0 | H75: X | K75: 000208 | L75: 21 | M75: 1. OG | N75: 12.7 | O75: 1 | Q75: 0
A76: 000391 | B76: Schuhaufbewahrug | C76: EG | D76: 9 | G76: 0 | K76: 000211 | L76: 22 | M76: 1. OG | N76: 12.7 | O76: 1 | Q76: 0
A77: 000401 | B77: Schuhaufbewahrung | C77: 1. OG | D77: 11 | G77: 0 | K77: 000215 | L77: 23 | M77: 1. OG | N77: 12.7 | O77: 1 | Q77: 1
A78: 000385 | B78: Unterverteilung 1 | C78: EG | D78: 3.9 | E78: 0 | G78: 0 | K78: 000212 | L78: 24 | M78: 1. OG | N78: 12.7 | O78: 1 | Q78: 1
A79: 000393 | B79: Unterverteilung 2 | C79: EG | D79: 4.49 | G79: 0 | K79: 000213 | L79: 25 | M79: 1. OG | N79: 12.7 | O79: 1 | Q79: 0
A80: 000403 | B80: Vorrat (Abstellraum) | C80: 1. OG | D80: 18.69 | G80: 0 | K80: 000209 | L80: 26 | M80: 1. OG | N80: 12.7 | O80: 1 | Q80: 1
A81: 000390 | B81: Vorraum | C81: EG | D81: 37.47 | G81: 0 | K81: 000214 | L81: 27 | M81: 1. OG | N81: 26.97 | O81: 3 | Q81: 1 | R81: X
A82: 000386 | B82: Vorraum 1 | C82: EG | D82: 55.48 | G82: 0 | K82: 000216 | L82: 28 | M82: 1. OG | N82: 12.7 | O82: 1 | Q82: 1
A83: 000399 | B83: Vorraum 1 | C83: 1. OG | D83: 66.35 | G83: 0 | K83: 000248 | L83: 29 | M83: 1. OG | N83: 12.7 | O83: 1 | Q83: 1
A84: 000387 | B84: Vorraum 2 | C84: EG | D84: 84.66 | G84: 0 | K84: 000374 | L84: Brandschutz | M84: 1. OG | N84: 12.7 | O84: 0 | Q84: 0 | R84: X | S84: Brandschutz ehem. Büro Caritas
A85: 000398 | B85: Vorraum 2 | C85: 1. OG | D85: 46.33 | G85: 0 | K85: 000361 | L85: Dusche Damen | M85: EG | N85: 12.42 | O85: 0 | Q85: 0 | R85: X | S85: Dusche Damen mit Vorraum
A86: 000400 | B86: Vorraum 3 | C86: 1. OG | D86: 39.45 | G86: 0 | K86: 000369 | L86: Dusche Damen | M86: 1. OG | N86: 12.42 | O86: 0 | Q86: 0 | R86: X | S86: Dusche Damen incl. Vorraum
A87: 000379 | B87: WC 1 | C87: EG | D87: 18.24 | E87: 0 | G87: 0 | I87: Herren | K87: 000363 | L87: Dusche Herren | M87: EG | N87: 12.42 | O87: 0 | Q87: 0 | R87: X | S87: Dusche Herren incl. Vorraum
A88: 000396 | B88: WC 1 | C88: 1. OG | D88: 13.9 | G88: 0 | I88: Damen | K88: 000371 | L88: Dusche Herren | M88: 1. OG | N88: 12.42 | O88: 0 | Q88: 0 | R88: X | S88: Dusche Herren incl. Vorraum
A89: 000380 | B89: WC 2 | C89: EG | D89: 18.12 | E89: 0 | G89: 0 | I89: Damen | K89: 000373 | L89: Flur | M89: 1. OG | N89: 71.2 | O89: 0 | Q89: 0 | R89: X | S89: Flur
A90: 000397 | B90: WC 2 | C90: 1. OG | D90: 16.32 | G90: 0
A91: 000383 | B91: WC 3 | C91: EG | D91: 10.45 | E91: 0 | G91: 0 | I91: Herren | K91: 000375 | L91: Flur | M91: EG | N91: 71.2 | O91: 0 | Q91: 0 | R91: X | S91: Flur
A92: 000388 | B92: WC 4 | C92: EG | D92: 10.44 | G92: 0 | I92: Herren | K92: 000364 | L92: Hausanschluß | M92: EG | N92: 12.7 | O92: 0 | Q92: 0 | R92: X | S92: Hausanschluß / Heizung
A93: 000389 | B93: WC 5 | C93: EG | D93: 9.5 | G93: 0 | I93: Damen | K93: 000365 | L93: Küche | M93: EG | N93: 26.95 | O93: 0 | Q93: 0 | R93: X | S93: Küche
K94: 000372 | L94: Küche | M94: 1. OG | N94: 26.96 | O94: 0 | Q94: 0 | R94: X | S94: Küche
A95: Summe | D95: =SUM(D35:D93)-D70 -> 1590.51 | E95: =SUM(E35:E93) -> 99 | G95: =SUM(G35:G93) -> 50 | I95: =(E95+G95)/2 -> 74.5 | K95: 000366 | L95: Lager | M95: EG | N95: 12.7 | O95: 0 | Q95: 0 | R95: X | S95: Lager
K96: 000359 | L96: Waschen/Trocknen | M96: EG | N96: 12.69 | O96: 0 | Q96: 0 | R96: X | S96: Waschen/Trocknen
A97: Düsselberger Str. 15 Gebäude II | K97: 000367 | L97: Waschen/Trocknen | M97: 1. OG | N97: 12.69 | O97: 0 | Q97: 0 | R97: X | S97: Waschen/Trocknen
K98: 000360 | L98: WC Damen | M98: EG | N98: 11.5 | O98: 0 | Q98: 0 | R98: X | S98: WC Damen incl. Vorraum
A99: Raum-ID | B99: Zimmernr. | C99: Etage | D99: Fläche | E99: Soll | F99: M+K | G99: Ist | H99: X | I99: Zusatzinfo | K99: 000368 | L99: WC Damen | M99: 1. OG | N99: 11.5 | O99: 0 | Q99: 0 | R99: X | S99: WC Damen incl. Vorraum
K100: 000362 | L100: WC Herren | M100: EG | N100: 11.5 | O100: 0 | Q100: 0 | R100: X | S100: WC Herren incl. Vorraum
A101: 000047 | B101: 001 | C101: EG | D101: 27.67 | E101: 4 | G101: 1 | K101: 000370 | L101: WC Herren | M101: 1. OG | N101: 11.52 | O101: 0 | Q101: 0 | R101: X | S101: WC Herren incl. Vorraum
A102: 000048 | B102: 002 | C102: EG | D102: 16.56 | E102: 2 | G102: 1
...
